 Dungeon Crawl Stone Soup version 0.31-a0-983-g7b6862f502 (webtiles) character file.

Game seed: 12360170153303013224

6134 Whiskey the Mimic (level 10, -2/69 HPs)
             Began as an Octopode Shapeshifter on Nov 2, 2023.
             Was an Initiate of Gozag.
             Succumbed to Sonja's poison
             ... on level 10 of the Dungeon.
             The game lasted 00:27:49 (11505 turns).

Whiskey the Mimic (Octopode Shapeshifter)          Turns: 11505, Time: 00:27:50

Health: -2/69      AC:  5    Str: 16    XL:     10   Next: 89%
Magic:  6/10       EV: 19    Int: 15    God:    Gozag
Gold:   1192       SH:  0    Dex: 11    Spells: 9/9 levels left

rFire   . .          .
                       - Unarmed
rCold   . . .        (shield currently unavailable)
rNeg    + . .        (helmet restricted)
rPois   .            I - amulet of guardian spirit {Spirit}
rElec   .            j - ring of positive energy {rN+}
rCorr   .            v - +4 ring of protection
SInv    .            y - +5 ring of evasion
Will    .....        (no ring)
Stlth   ++           (no ring)
HPRegen 0.31/turn    (no ring)
MPRegen 0.12/turn    (no ring)
                     (no ring)

%: guardian spirit
@: lethally poisoned (-2 -> -13), flux-form, gold aura, glowing
A: glow, contaminating, almost no armour, amphibious, 8 rings, camouflage 1,
gelatinous body 1, nimble swimmer 1, tentacles
a: Begin Untransformation, Renounce Religion, Potion Petition, Call Merchant,
Bribe Branch


You were on level 10 of the Dungeon.
You worshipped Gozag.
Gozag was most pleased with you.
You were something dangerously unstable.
You visited 2 branches of the dungeon, and saw 11 of its levels.

You collected 1655 gold pieces.
You spent 432 gold pieces at shops.
You paid 31 gold pieces to Gozag.

Inventory:

Hand Weapons
 w - a +0 flail
   (You took it off a gnoll on level 6 of the Dungeon)
 z - the +0 war axe of the Establishment {freeze, Dex+2}
   (You found it on level 5 of the Dungeon)

   Dex+2:     It affects your dexterity (+2).
 C - a +2 spear of freezing
   (You took it off a gnoll sergeant on level 6 of the Dungeon)
 D - a +0 rapier of protection
   (You found it on level 6 of the Dungeon)
 G - the +8 quarterstaff "Xedath" {antimagic, Drain Will+ Str+2 Int+2}
   (You found it on level 8 of the Dungeon)

   Str+2:     It affects your strength (+2).
   Int+2:     It affects your intelligence (+2).
   Will+:     It increases your willpower.
   Drain:     It drains your maximum health when unequipped.
 K - a +0 mace of protection
   (You took it off an orc warrior on level 9 of the Dungeon)
 M - a +1 hand axe of venom
   (You took it off an orc on level 9 of the Dungeon)
Missiles
 l - 7 poisoned darts (quivered)
 B - 2 throwing nets {=f, !d}
Magical Staves
 x - a staff of poison {rPois}
   (You found it on level 4 of the Dungeon)
Jewellery
 j - a ring of positive energy (left tentacle) {rN+}
   (You found it on level 1 of the Dungeon)
 v - a +4 ring of protection (right tentacle)
   (You found it on level 7 of the Dungeon)
 y - a +5 ring of evasion (on tentacle)
   (You bought it in a shop on level 3 of the Dungeon)
 I - an amulet of guardian spirit (around mantle) {Spirit}
   (You took it off an orc priest on level 9 of the Dungeon)
 N - an amulet of the acrobat
   (You found it on level 10 of the Dungeon)
Talismans
 b - a beast talisman
 c - a flux talisman (active)
Wands
 q - a wand of flame (4)
   (You found it on level 3 of the Dungeon)
 E - a wand of digging (5)
   (You found it on level 7 of the Dungeon)
 H - a wand of charming (4)
   (You found it on level 9 of the Dungeon)
Scrolls
 e - 3 scrolls of amnesia {unknown}
 h - 6 scrolls of enchant armour
 i - 5 scrolls of identify
 k - 2 scrolls of brand weapon {unknown}
 n - 2 scrolls of fog {unknown}
 o - 2 scrolls of fear {unknown}
 r - a scroll of noise {unknown}
 s - 2 scrolls of teleportation
 t - 3 scrolls of blinking {unknown}
 F - a scroll of enchant weapon {unknown}
Potions
 a - 2 potions of lignification {!q}
 d - 6 potions of brilliance {unknown}
 f - a potion of enlightenment {unknown}
 g - 5 potions of heal wounds {unknown}
 m - a potion of magic {unknown}
 p - 2 potions of curing {unknown}
 u - 2 potions of haste {unknown}
 A - a potion of might {unknown}
 J - a potion of ambrosia {unknown}
 L - a potion of berserk rage {unknown}
 O - 2 potions of degeneration {unknown}


   Skills:
 + Level 6.9 Fighting
 - Level 5.0 Dodging
 + Level 3.2 Stealth
 * Level 8.5 Unarmed Combat
 * Level 10.6 Shapeshifting


You had 9 spell levels left.
You didn't know any spells.
Your spell library contained the following spells:

 Spells                   Type           Power      Damage    Failure   Level
 Kiss of Death            Conj/Necr      0%         2d5       26%         1
 Magic Dart               Conj           0%         1d3       26%         1
 Necrotise                Necr           0%         1d4       26%         1
 Sting                    Tmut/Pois      0%         1d3       26%         1
 Call Imp                 Summ           0%         N/A       38%         2
 Poisonous Vapours        Pois/Air       0%         N/A       38%         2
 Confusing Touch          Hex            0%         N/A       63%         3
 Mephitic Cloud           Conj/Pois/Air  0%         N/A       63%         3
 Dispel Undead            Necr           0%         3d6       95%         4
 Olgreb's Toxic Radiance  Pois           0%         N/A       95%         4


Dungeon Overview and Level Annotations

Branches:
Dungeon (10/15)            Temple (1/1) D:6             Orc (0/2) D:9
   Lair: D:8-11

Altars:
Ashenzari
Cheibriados
Dithmenos
Elyvilon
Fedhas
Gozag
Hepliaklqana
Kikubaaqudgha
Makhleb
Nemelex Xobeh
Okawaru
Qazlal
Ru
Sif Muna
Trog
Uskayaw
Vehumet
Wu Jian
Xom
Yredelemnul
Zin
The Shining One

Shops:
D:3 ![*=*   D:5 :

Annotations:
D:7 2 transporters


Innate Abilities, Weirdness & Mutations

You are something dangerously unstable.
You glow with magical radiation, making you easy to see and hit.
Foes you strike become dangerously contaminated with magical radiation.
You are incapable of wielding weapons or throwing items.
You cannot wear most types of armour.
You are amphibious.
You can wear up to eight rings at the same time.
Your skin changes colour to match your surroundings (Stealth+).
Your rubbery body absorbs attacks. (AC +1, EV +1)
You are camouflaged when in or above water. (Stealth+)
You have tentacles for arms and can constrict up to eight enemies at once.


Message History

The howler monkey howls!
You bludgeon the howler monkey!
The howler monkey begins to glow.
You grab the howler monkey. You squeeze the howler monkey.
You constrict the howler monkey.
The howler monkey hoots and howls with incredible vigour! x2
You hear a shout! x2
You tentacle-slap the howler monkey.
The howler monkey glows dangerously bright.
You squeeze the howler monkey.
You kill the howler monkey!
The howler monkey hoots and howls with incredible vigour!
The howler monkey misses you. x2
You tentacle-slap the howler monkey.
The howler monkey begins to glow.
You grab the howler monkey. You constrict the howler monkey.
The howler monkey misses you.
You tentacle-slap the howler monkey.
The howler monkey glows dangerously bright.
You constrict the howler monkey. The howler monkey misses you.
You tentacle-slap the howler monkey.
The howler monkey shudders as magic cascades through it.
The howler monkey twists and deforms.
Your squeeze misses the howler monkey. You constrict the howler monkey.
The howler monkey hits you.
You take 2 damage, and have 67/69 hp.
You tentacle-slap the howler monkey.
The howler monkey begins to glow.
You squeeze the howler monkey. You constrict the howler monkey.
You kill the howler monkey!
No target in view!
You now have 1179 gold pieces (gained 6).
You now have 1187 gold pieces (gained 8).
You now have 1192 gold pieces (gained 5).
Sonja, the Graceful Assassin comes into view.
She is wielding a +1 dagger of venom and quivering curare-tipped darts.
Sonja shouts!
Health restored: 69 You enter the deep water.
You can't do that in your present form.
Unknown command.
Sonja throws a curare-tipped dart.
The curare-tipped dart closely misses you.
Sonja barely misses you.
Sonja hits you with a +1 dagger of venom. x2
You are poisoned.
Sonja misses you.
Sonja hits you with a +1 dagger of venom.
Sonja hits you but does no damage.
You are more poisoned.
You take 6 damage, and have 63/69 hp.
You closely miss Sonja. Your grab misses Sonja. Your squeeze misses Sonja.
You feel very sick.
Sonja hits you with a +1 dagger of venom.
You are more poisoned.
Sonja closely misses you. Sonja barely misses you.
You take 6 damage, and have 57/69 hp.
You miss Sonja. Your grab misses Sonja. Your squeeze misses Sonja.
You feel very sick.
Sonja hits you with a +1 dagger of venom.
You are more poisoned.
Sonja completely misses you. Sonja closely misses you.
You take 8 damage, and have 49/69 hp.
You now have 9/10 mp.
You completely miss Sonja. Your grab misses Sonja.
You feel very sick.
Sonja hits you with a +1 dagger of venom.
Sonja misses you. Sonja closely misses you.
You take 6 damage, and have 43/69 hp.
You bludgeon Sonja!
Sonja begins to glow.
You grab Sonja. You constrict Sonja.
You feel very sick.
Sonja hits you with a +1 dagger of venom.
You are more poisoned.
Sonja hits you with a +1 dagger of venom.
You are lethally poisoned!
Sonja barely misses you.
You take 8 damage, and have 35/69 hp.
You now have 8/10 mp.
You tentacle-slap Sonja.
Sonja glows dangerously bright.
You constrict Sonja.
You feel extremely sick.
Sonja shouts, "Some dancing partner you are!"
Sonja hits you with a +1 dagger of venom. x2
Sonja completely misses you.
Sonja hits you with a +1 dagger of venom.
* * * LOW HITPOINT WARNING * * *
Sonja closely misses you. Sonja misses you.
You take 16 damage, and have 19/69 hp.
MASSIVE DAMAGE!!
You now have 6/10 mp.
You tentacle-slap Sonja.
Sonja shudders as magic cascades through her!!!
You kill Sonja!
* * * LOW HITPOINT WARNING * * *
You feel very sick.
Your Stealth skill increases to level 3!
You take 6 damage, and have 13/69 hp.
Okay, then.
There is a lethal amount of poison in your body!
* * * LOW HITPOINT WARNING * * *
You feel very sick.
You begin transforming.
You continue transforming.
* * * LOW HITPOINT WARNING * * *
You feel very sick.
You continue transforming.
* * * LOW HITPOINT WARNING * * *
You feel very sick.
You continue transforming.
You die...
Your body crumbles into a pile of gold.

....................#≈≈≈#........
....................#≈≈≈#........
.......T............#≈≈≈#....>...
≈≈≈≈≈≈.≈≈≈≈≈≈≈≈≈≈≈≈≈≈≈≈≈#........
≈≈≈≈≈≈.≈#####≈≈≈≈≈≈≈≈≈≈##.......
#####≈.≈#.T.#≈≈≈≈≈≈≈≈≈≈#
+...'T.[#≈≈≈≈≈≈≈≈≈≈#
#≈.≈#####≈≈≈≈≈≈≈≈≈##
#####≈.≈≈≈≈≈≈≈≈≈p≈≈≈###
≈≈≈≈≈≈.≈≈≈≈≈≈≈≈≈≈$..#
....................#
....................#
....................#
....................#
...####...#####...### .>.
#...#####...# .. #...........# .


There were no monsters in sight!

Vanquished Creatures
  A two-headed ogre (D:9)
  Sonja (D:10)
  A troll (D:10)
  A hornet (D:8)
  A wraith (D:9)
  A wyvern (D:9)
  A steam dragon (D:8)
  3 yaks (D:10)
  A sky beast (D:7)
  3 ice beasts
  2 black bears
  An ogre (D:5)
  3 orc warriors (D:9)
  4 centaurs
  A phantom (D:4)
  5 bullfrogs
  4 gnoll sergeants
  4 scorpions
  7 wights
  4 howler monkeys
  4 hounds
  4 jellies
  11 orc priests
  A sleepcap (D:5)
  2 iguanas
  3 orc wizards
  20 gnolls
  5 adders
  A shadow imp (D:7)
  2 white imps
  2 ufetubi (D:7)
  2 worms
  A dart slug (D:1)
  36 orcs
  6 bats
  9 endoplasms
  6 goblins
  6 hobgoblins
  11 jackals
  5 kobolds
  4 quokkas
  5 ball pythons
  2 frilled lizards (D:2)
  8 rats
205 creatures vanquished.

Notes
Turn   | Place    | Note
-------+----------+-------------------------------------------
     0 | D:1      | Whiskey the Octopode Shapeshifter began the quest for the
                  | Orb.
     0 | D:1      | Reached XP level 1. HP: 13/13 MP: 1/1
   166 | D:1      | Reached XP level 2. HP: 18/18 MP: 2/2
   377 | D:1      | Reached XP level 3. HP: 23/23 MP: 3/3
   627 | D:1      | Reached skill level 4 in Shapeshifting
  1144 | D:2      | Found a stormy altar of Qazlal.
  1587 | D:3      | Found an opulent altar of Gozag.
  1603 | D:3      | Reached XP level 4. HP: 18/28 MP: 4/4
  1636 | D:3      | Became a worshipper of Gozag Ym Sagoz the Greedy
  1685 | D:3      | Found Etiraut's Armour Shoppe.
  1746 | D:3      | Found Liskir's Distillery.
  1898 | D:3      | Found Doetuse Cofu's General Store.
  2014 | D:3      | Found Yhollir's Jewellery Boutique.
  2252 | D:3      | Found Rapykhar's Assorted Antiques.
  2397 | D:3      | Found a faded altar of an unknown god.
  2667 | D:4      | Reached skill level 5 in Shapeshifting
  2669 | D:4      | Reached XP level 5. HP: 32/33 MP: 5/5
  2948 | D:4      | Noticed a phantom
  2956 | D:4      | Killed a phantom
  2957 | D:4      | Reached skill level 2 in Fighting
  2980 | D:4      | Reached XP level 6. HP: 39/39 MP: 6/6
  3223 | D:4      | Reached skill level 6 in Shapeshifting
  3289 | D:4      | You fall into a shaft and drop 3 floors!
  3289 | D:7      | Identified the of Cepteoco
  3327 | D:7      | Reached skill level 3 in Fighting
  3327 | D:7      | Reached XP level 7. HP: 20/46 MP: 7/7
  3497 | D:7      | Found a radiant altar of Vehumet.
  3497 | D:7      | Found an ancient bone altar of Kikubaaqudgha.
  3498 | D:7      | Found a shimmering blue altar of Sif Muna.
  3540 | D:7      | Found a transporter.
  3542 | D:7      | Noticed a troll
  3552 | D:7      | Noticed an ogre mage
  3555 | D:7      | Found a transporter.
  3555 | D:7      | Noticed a troll
  3578 | D:7      | Found a snail-covered altar of Cheibriados.
  3600 | D:6      | Reached skill level 7 in Shapeshifting
  3953 | D:6      | Reached skill level 4 in Fighting
  4012 | D:5      | Entered Level 5 of the Dungeon
  4028 | D:5      | Reached XP level 8. HP: 18/54 MP: 8/8
  4288 | D:4      | Found a glowing silver altar of Zin.
  4288 | D:4      | Noticed an angel
  4466 | D:3      | Bought a +5 ring of evasion for 432 gold pieces
  4545 | D:5      | Identified the +0 war axe of the Establishment {freeze,
                  | Dex+2}
  4881 | D:5      | Found Ygadaovu's Book Boutique.
  4890 | D:5      | Reached skill level 8 in Shapeshifting
  5080 | D:6      | Found a glowing golden altar of the Shining One.
  5099 | D:6      | Reached skill level 4 in Unarmed Combat
  5414 | D:6      | Reached skill level 3 in Dodging
  5464 | D:6      | Found a staircase to the Ecumenical Temple.
  5470 | Temple   | Entered the Ecumenical Temple
  5507 | D:6      | Reached skill level 5 in Fighting
  5770 | D:7      | Reached XP level 9. HP: 61/61 MP: 9/9
  5782 | D:7      | Reached skill level 5 in Unarmed Combat
  6584 | D:7      | Found a burning altar of Makhleb.
  6762 | D:7      | Found an iron altar of Okawaru.
  6762 | D:7      | Found a broken altar of Ashenzari.
  6830 | D:7      | Reached skill level 9 in Shapeshifting
  6953 | D:7      | Found a blossoming altar of Fedhas.
  7205 | D:8      | Reached skill level 6 in Unarmed Combat
  7289 | D:8      | Reached skill level 4 in Dodging
  7675 | D:8      | HP: 14/62 [something (4)]
  7972 | D:8      | Identified the +8 quarterstaff "Xedath" {antimagic, Drain
                  | Will+ Str+2 Int+2}
  8013 | D:8      | Noticed a hornet
  8019 | D:8      | Killed a hornet
  8547 | D:8      | Found a white marble altar of Elyvilon.
  8902 | D:9      | Reached skill level 6 in Fighting
  9030 | D:9      | Noticed a two-headed ogre
  9166 | D:9      | Reached XP level 10. HP: 31/68 MP: 10/10
  9371 | D:9      | Reached skill level 7 in Unarmed Combat
  9418 | D:9      | HP: 17/68 [orc priest/divine providence (8)]
  9976 | D:9      | Killed a two-headed ogre
  9977 | D:9      | Reached skill level 5 in Dodging
  9977 | D:9      | Reached skill level 10 in Shapeshifting
 10256 | D:9      | Reached skill level 1 in Stealth
 10514 | D:9      | Found a staircase to the Orcish Mines.
 10660 | D:10     | Entered Level 10 of the Dungeon
 10807 | D:10     | Reached skill level 2 in Stealth
 10807 | D:10     | Reached skill level 8 in Unarmed Combat
 11246 | D:10     | HP: 13/69 [troll (13)]
 11489 | D:10     | Noticed Sonja
 11501 | D:10     | Killed Sonja
 11501 | D:10     | HP: 13/69 [poisoned by Sonja]
 11502 | D:10     | Reached skill level 3 in Stealth
 11503 | D:10     | HP: 4/69 [poisoned by Sonja]
 11504 | D:10     | HP: 1/69 [poisoned by Sonja]
 11505 | D:10     | Succumbed to Sonja's poison

Illustrated notes

Levels and vault maps discovered:
D:1:      elethiomel_arrival_maze, layout_basic
D:2:      layout_basic, basic_altar
D:3:      layout_loops_cross, mainiacjoe_overflow_brackets, serial_shops,
          nicolae_shop_back_alley_shop, nicolae_shop_real_fake_doors,
          shop_statue, shop, nicolae_shop_tiny_glass,
          shapermc_ecumenical_altar_hornbeckon, minmay_misc_feat_ornament
D:4:      layout_loops_ring, zin_angel, chequers_decorated_corner,
          minmay_tree_intersection
D:5:      layout_rooms, serial_shops, nicolae_stop_n_shop_1
D:6:      layout_loops_ring, mainiacjoe_overflow_alcove_1,
          minmay_temple_entry_ruins
D:7:      gammafunk_beogh_shrine, layout_loops_corners,
          grunt_temple_overflow_magic_moments, makhleb_heckhound_becter,
          old_standard_altar, chei_slow_surprise,
          gammafunk_temple_overflow_elements
D:8:      layout_layer_cave, elyvilon_altar_4
D:9:      layout_cave_pools, erik_orc_2, serial_co_window_serial,
          co_window_of_opportunity_a, co_window_paths_b, co_window_paths_a,
          co_window_paths_a, co_window_paths_a, co_window_paths_b,
          co_window_paths_b, co_window_paths_b, co_window_corner_a,
          co_window_corner_ca, co_window_broadway_a, co_window_unsneaky_path_b,
          co_window_broadway_c, co_window_corner_b, co_window_2corner,
          co_window_corner_b, minmay_misc_feat_encased,
          kennysheep_generic_room_6
D:10:     lemuel_troll_bridge, layout_small_grid, lair_entry_dummy,
          minivault_25, uniq_sonja, uniq_erica, uniq_fannar
Temple:   eino_wide_crystal_templ

Skill      XL: |  1  2  3  4  5  6  7  8  9 10 |
---------------+-------------------------------+-----
Shapeshifting  | 4 5 6 7 8 9 10 | 10.6
Fighting       | 2 3 4 5 6 |  6.9
Unarmed Combat | 4 6 8 |  8.5
Dodging        | 3 4 5 |  5.0
Stealth        | 3 |  3.2

Action                     |  1- 3 |  4- 6 |  7- 9 | 10-12 || total
---------------------------+-------+-------+-------+-------++-------
  Melee: Unarmed           |    77 |    77 |   272 |   109 ||   535
         Constrict         |    19 |    17 |    63 |    22 ||   121
         Tentacles         |    13 |    23 |    65 |    35 ||   136
         Punch             |       |     1 |    11 |     5 ||    17
  Throw: Dart              |       |       |    39 |    25 ||    64
  Evoke: Wand              |       |     6 |     2 |     5 ||    13
    Use: Scroll            |       |       |       |     3 ||     3
   Stab: Sleeping          |    12 |     7 |     7 |     1 ||    27
 Armour: Skin              |    20 |    35 |   118 |    68 ||   241
  Dodge: Dodged            |    42 |    45 |   222 |    83 ||   392
   Form: Beast             |       |       |       |     1 ||     1
         Flux              |       |       |       |     1 ||     1

Table legend: (Time is in decaauts)
 A = Elapsed time spent in this place.
 B = Non-inter-level travel time spent in this place.
 C = Inter-level travel time spent in this place.
 D = Time resting spent in this place.
 E = Time spent auto-exploring this place.
 F = Levels seen in this place.
 G = Mean time per level.
                   A        B        C        D        E       F      G
               +--------+--------+--------+--------+--------+-----+--------+
         Total |  11457 |  11126 |    331 |   1916 |   6840 |  11 | 1041.5 |
       Dungeon |  11455 |  11124 |    331 |   1916 |   6840 |  10 | 1145.5 |
        Temple |      1 |      1 |      0 |      0 |      0 |   1 |    1.0 |
               +--------+--------+--------+--------+--------+-----+--------+

Top non-repeatable levels by time:
     D:9: 1944 daAuts
     D:7: 1597 daAuts
     D:8: 1569 daAuts
     D:6: 1174 daAuts
     D:4: 1027 daAuts
     D:3: 996 daAuts
     D:1: 874 daAuts
    D:10: 839 daAuts
     D:5: 728 daAuts
     D:2: 705 daAuts
  Temple: 1 daAuts

Levels and vault maps discovered:
D:1:      elethiomel_arrival_maze, layout_basic
D:2:      layout_basic, basic_altar
D:3:      layout_loops_cross, mainiacjoe_overflow_brackets, serial_shops,
          nicolae_shop_back_alley_shop, nicolae_shop_real_fake_doors,
          shop_statue, shop, nicolae_shop_tiny_glass,
          shapermc_ecumenical_altar_hornbeckon, minmay_misc_feat_ornament
D:4:      layout_loops_ring, zin_angel, chequers_decorated_corner,
          minmay_tree_intersection
D:5:      layout_rooms, serial_shops, nicolae_stop_n_shop_1
D:6:      layout_loops_ring, mainiacjoe_overflow_alcove_1,
          minmay_temple_entry_ruins
D:7:      gammafunk_beogh_shrine, layout_loops_corners,
          grunt_temple_overflow_magic_moments, makhleb_heckhound_becter,
          old_standard_altar, chei_slow_surprise,
          gammafunk_temple_overflow_elements
D:8:      layout_layer_cave, elyvilon_altar_4
D:9:      layout_cave_pools, erik_orc_2, serial_co_window_serial,
          co_window_of_opportunity_a, co_window_paths_b, co_window_paths_a,
          co_window_paths_a, co_window_paths_a, co_window_paths_b,
          co_window_paths_b, co_window_paths_b, co_window_corner_a,
          co_window_corner_ca, co_window_broadway_a, co_window_unsneaky_path_b,
          co_window_broadway_c, co_window_corner_b, co_window_2corner,
          co_window_corner_b, minmay_misc_feat_encased,
          kennysheep_generic_room_6
D:10:     lemuel_troll_bridge, layout_small_grid, lair_entry_dummy,
          minivault_25, uniq_sonja, uniq_erica, uniq_fannar
Temple:   eino_wide_crystal_templ

Table legend: (Time is in decaauts)
 A = Elapsed time spent in this place.
 B = Non-inter-level travel time spent in this place.
 C = Inter-level travel time spent in this place.
 D = Time resting spent in this place.
 E = Time spent auto-exploring this place.
 F = Levels seen in this place.
 G = Mean time per level.
                   A        B        C        D        E       F      G
               +--------+--------+--------+--------+--------+-----+--------+
         Total |  11457 |  11126 |    331 |   1916 |   6840 |  11 | 1041.5 |
       Dungeon |  11455 |  11124 |    331 |   1916 |   6840 |  10 | 1145.5 |
        Temple |      1 |      1 |      0 |      0 |      0 |   1 |    1.0 |
               +--------+--------+--------+--------+--------+-----+--------+

Top non-repeatable levels by time:
     D:9: 1944 daAuts
     D:7: 1597 daAuts
     D:8: 1569 daAuts
     D:6: 1174 daAuts
     D:4: 1027 daAuts
     D:3: 996 daAuts
     D:1: 874 daAuts
    D:10: 839 daAuts
     D:5: 728 daAuts
     D:2: 705 daAuts
  Temple: 1 daAuts

Table legend:
 A = Kills in this place as a percentage of kills in the entire game.
 B = Kills by you in this place as a percentage of kills by you in the entire game.
 C = Kills by friends in this place as a percentage of kills by friends in the entire game.
 D = Other kills in this place as a percentage of other kills in the entire game.
 E = Experience gained in this place as a percentage of experience gained in the entire game.
 F = Experience gained in this place divided by the number of levels of this place that you have seen.
                   A       B       C       D       E      F
               +-------+-------+-------+-------+-------+----------------------
         Total | 100.0 | 100.0 |   N/A |   N/A | 100.0 | 796.6
       Dungeon | 100.0 | 100.0 |   N/A |   N/A | 100.0 | 876.3
               +-------+-------+-------+-------+-------+----------------------
